 Dungeon Crawl Stone Soup version 0.31-a0-369-g8eba5f6939 (webtiles) character file.

Game seed: 10440046083571543587

164 zazu2006 the Trooper (level 5, -1/47 HPs)
             Began as a Gnoll Wanderer on July 29, 2023.
             Slain by a kobold brigand
             ... wielding a +2 dagger of speed
              (7 damage)
             ... on level 3 of the Dungeon.
             The game lasted 00:06:50 (3720 turns).

zazu2006 the Trooper (Gnoll Wanderer)               Turns: 3720, Time: 00:06:51

Health: -1/47      AC:  4    Str: 15    XL:     5   Next: 45%
Magic:  0/9        EV: 12    Int: 10    God:
Gold:   98         SH:  0    Dex: 11    Spells: 9/10 levels left

rFire   . . .        a - +0 club
rCold   . . .        (no shield)
rNeg    . . .        d - +0 leather armour
rPois   .            (no helmet)
rElec   .            (no cloak)
rCorr   .            n - +0 pair of gloves
SInv    .            (no boots)
Will    +....        (no amulet)
Stlth   +            (no ring)
HPRegen 0.27/turn    (no ring)
MPRegen 0.11/turn

%: no passive effects
@: enlightened, flying
A: fangs 1, strong nose, distributed training
a: no special abilities


You were on level 3 of the Dungeon.
You visited 1 branch of the dungeon, and saw 3 of its levels.

You collected 98 gold pieces.

Inventory:

Hand Weapons
 a - a +0 club (weapon)
Armour
 d - a +0 leather armour (worn)
 n - a +0 pair of gloves (worn)
Jewellery
 j - the amulet "Vaymnu" {rPois Regen+ Dex+4 Slay+5 SInv}
   (You found it on level 2 of the Dungeon)

   [amulet of regeneration]

   Dex:       It affects your dexterity (+4).
   Slay:      It affects your accuracy & damage with ranged weapons and melee
   (+5).
   rPois:     It protects you from poison.
   SInv:      It lets you see invisible.
   Regen:     It increases your rate of health regeneration.
 k - an amulet of reflection
Wands
 o - a wand of polymorph (7)
Scrolls
 e - a scroll of fog
 f - a scroll of blinking {unknown}
 g - 2 scrolls of immolation {unknown}
 h - 4 scrolls of identify {unknown}
 i - a scroll of revelation {unknown}
 l - a scroll of amnesia {unknown}
Potions
 b - a potion of attraction


   Skills:
 + Level 6.7 Fighting
 + Level 1.5 Short Blades
 + Level 1.5 Long Blades
 + Level 1.5 Axes
 + Level 1.5 Maces & Flails
 + Level 1.5 Polearms
 + Level 1.5 Staves
 + Level 1.5 Ranged Weapons
 + Level 1.5 Throwing
 + Level 1.5 Armour
 + Level 3.0 Dodging
 + Level 1.5 Stealth
 + Level 1.5 Shields
 + Level 1.5 Unarmed Combat
 + Level 3.2 Spellcasting
 + Level 1.2 Conjurations
 + Level 1.2 Hexes
 + Level 1.2 Summonings
 + Level 1.2 Necromancy
 + Level 1.2 Translocations
 + Level 1.2 Transmutations
 + Level 1.2 Fire Magic
 + Level 1.2 Ice Magic
 + Level 5.5 Air Magic
 + Level 1.2 Earth Magic
 + Level 1.2 Poison Magic
 + Level 1.7 Invocations
 + Level 4.8 Evocations
 + Level 1.2 Shapeshifting


You had 9 spell levels left.
You knew the following spells:

 Your Spells              Type           Power      Damage    Failure   Level
a - Shock                 Conj/Air       32%        1d5       9%          1

Your spell library contained the following spells:

 Spells                   Type           Power      Damage    Failure   Level
 Poisonous Vapours        Pois/Air       16%        N/A       13%         2
 Foxfire                  Conj/Fire      16%        2x1d4     21%         1
 Airstrike                Air            6%         2d(1-17)  34%         4
 Gell's Gravitas          Tloc           4%         N/A       52%         3
 Teleport Other           Tloc           4%         N/A       52%         3
 Dispersal                Tloc           2%         N/A       100%        6
 Plasma Beam              Fire/Air       4%         2x1d14    100%        6
 Starburst                Conj/Fire      2%         6d3       100%        6


Dungeon Overview and Level Annotations

Branches:
Dungeon (3/15)

Altars:
Kikubaaqudgha

Shops:
D:1 [   D:2 =

Annotations:
D:2 Natasha


Innate Abilities, Weirdness & Mutations

You have very sharp teeth.
Your uncanny sense of smell can sniff out nearby items.
Your experience applies equally to all skills.


Message History

Okay, then.
Okay, then.
It was a potion of cancellation.
You feel magically purged.
The kobold brigand hits you with a +2 dagger of speed.
It was a potion of enlightenment.
You feel very buoyant.
You fly up into the air.
The kobold brigand barely misses you.
The kobold brigand hits you with a +2 dagger of speed!
* * * LOW HITPOINT WARNING * * *
You feel better.
The kobold brigand hits you but does no damage.
You hit the kobold brigand. Your bite misses the kobold brigand.
The kobold brigand is severely wounded.
The kobold brigand hits you with a +2 dagger of speed.
The kobold brigand hits you but does no damage.
Casting: Shock (safe; 9% risk of failure)
Confirm with . or Enter, or press ? or * to list all spells.
Aiming: Shock (safe; 9% risk of failure)
Press: ? - help, Shift-Dir - straight line, f/p - kobold brigand
Aim: a kobold brigand, wielding a +2 dagger of speed, wearing a +0 robe and quivering poisoned darts (severely wounded, 60% to hit)
The zap hits the kobold brigand.
The kobold brigand is almost dead.
The kobold brigand misses you.
The kobold brigand hits you with a +2 dagger of speed.
* * * LOW HITPOINT WARNING * * *
You barely miss the kobold brigand. Your bite misses the kobold brigand.
The kobold brigand is almost dead.
The kobold brigand hits you with a +2 dagger of speed.
* * * LOW HITPOINT WARNING * * *
The kobold brigand hits you with a +2 dagger of speed!
* * * LOW HITPOINT WARNING * * *
You feel better.
The kobold brigand hits you with a +2 dagger of speed.
* * * LOW HITPOINT WARNING * * *
Unknown command.
You hit the kobold brigand but do no damage.
Your bite misses the kobold brigand.
The kobold brigand is almost dead.
The kobold brigand hits you with a +2 dagger of speed!
You die...

##########..# ∆∆ #...
##.# .. #####...
#.##. #....... #.#).
##.##.... ###..
#..###... #..##
###.## ##.. #).#
##...######< #.K##
#........... #.@#
##########.. #..# #..
#..#~. #.# #..#~..
#.# # #..###.# ##..
#~##..##..########...
#~~#..###..........##
##~≈##..####..##....#
#~~~≈#..#........####


You could see a kobold brigand.

Vanquished Creatures
  An orc priest (D:3)
  An iguana (D:3)
  4 adders
  A worm (D:2)
  2 dart slugs (D:1)
  6 orcs
  2 endoplasms (D:1)
  2 giant cockroaches
  5 goblins
  4 hobgoblins
  5 quokkas
  7 ball pythons
  5 bats
  3 frilled lizards (D:1)
  14 kobolds
  4 rats (D:2)
66 creatures vanquished.

Notes
Turn   | Place    | Note
-------+----------+-------------------------------------------
     0 | D:1      | zazu2006 the Gnoll Wanderer began the quest for the Orb.
     0 | D:1      | zazu2006 set off with the following items: a +0 club, a
                  | potion of attraction, a potion of curing, a +0 leather
                  | armour, a scroll of fog; and the following spell memorised:
                  | Shock; and the following spells available to memorise:
                  | Poisonous Vapours, Airstrike.
     0 | D:1      | Reached XP level 1. HP: 23/23 MP: 4/4
     4 | D:1      | Found Serghoasch's Antique Armour Shoppe.
   143 | D:1      | Found a faded altar of an unknown god.
   326 | D:1      | You fall into a shaft and drop 1 floor!
   414 | D:2      | Reached XP level 2. HP: 15/29 MP: 1/5
   474 | D:2      | Found a transporter.
   474 | D:2      | Found Quwnurif's Jewellery Emporium.
   641 | D:2      | Found a transporter.
   683 | D:2      | Noticed Natasha
   915 | D:2      | Reached XP level 3. HP: 35/35 MP: 5/7
  1164 | D:2      | Identified the amulet "Vaymnu" {rPois Regen+ Dex+4 Slay+5
                  | SInv}
  1293 | D:1      | Reached skill level 1 in Invocations
  1875 | D:1      | Reached skill level 1 in Short Blades
  1875 | D:1      | Reached skill level 1 in Long Blades
  1875 | D:1      | Reached skill level 1 in Axes
  1875 | D:1      | Reached skill level 1 in Maces & Flails
  1875 | D:1      | Reached skill level 1 in Polearms
  1875 | D:1      | Reached skill level 1 in Staves
  1875 | D:1      | Reached skill level 1 in Ranged Weapons
  1875 | D:1      | Reached skill level 1 in Throwing
  1875 | D:1      | Reached skill level 1 in Armour
  1875 | D:1      | Reached skill level 1 in Stealth
  1875 | D:1      | Reached skill level 1 in Shields
  1875 | D:1      | Reached skill level 1 in Unarmed Combat
  2306 | D:2      | Found an ancient bone altar of Kikubaaqudgha.
  2437 | D:2      | Reached XP level 4. HP: 41/41 MP: 4/8
  2688 | D:3      | Reached skill level 1 in Conjurations
  2688 | D:3      | Reached skill level 1 in Hexes
  2688 | D:3      | Reached skill level 1 in Summonings
  2688 | D:3      | Reached skill level 1 in Necromancy
  2688 | D:3      | Reached skill level 1 in Translocations
  2688 | D:3      | Reached skill level 1 in Transmutations
  2688 | D:3      | Reached skill level 1 in Fire Magic
  2688 | D:3      | Reached skill level 1 in Ice Magic
  2688 | D:3      | Reached skill level 1 in Earth Magic
  2688 | D:3      | Reached skill level 1 in Poison Magic
  2688 | D:3      | Reached skill level 1 in Shapeshifting
  3192 | D:2      | Reached XP level 5. HP: 40/47 MP: 1/9
  3698 | D:3      | Noticed a kobold brigand
  3720 | D:3      | Slain by a kobold brigand

Illustrated notes

Levels and vault maps discovered:
D:1:      wander_arrival_desolate, layout_basic,
          shapermc_ecumenical_altar_acropolis, serial_shops, shop,
          solitary_fountain
D:2:      layout_basic, serial_shops, nicolae_shop_drivethru, basic_altar,
          uniq_natasha
D:3:      cheibrodos_thug_alley, layout_rooms, grunt_decor_junction,
          hangedman_decor_growths, minmay_misc_feat_five

Skill      XL: |  1  2  3  4  5 |
---------------+----------------+-----
Invocations    | 1 |  1.7
Short Blades   | 1 |  1.5
Long Blades    | 1 |  1.5
Axes           | 1 |  1.5
Maces & Flails | 1 |  1.5
Polearms       | 1 |  1.5
Staves         | 1 |  1.5
Ranged Weapons | 1 |  1.5
Throwing       | 1 |  1.5
Armour         | 1 |  1.5
Stealth        | 1 |  1.5
Shields        | 1 |  1.5
Unarmed Combat | 1 |  1.5
Spellcasting   | 3 |  3.2
Conjurations   | 1 |  1.2
Hexes          | 1 |  1.2
Summonings     | 1 |  1.2
Necromancy     | 1 |  1.2
Translocations | 1 |  1.2
Transmutations | 1 |  1.2
Fire Magic     | 1 |  1.2
Ice Magic      | 1 |  1.2
Earth Magic    | 1 |  1.2
Poison Magic   | 1 |  1.2
Shapeshifting  | 1 |  1.2
Dodging        | 3 |  3.0
Fighting       | |  6.7
Air Magic      | |  5.5
Evocations     | |  4.8

Action                     |  1- 3 |  4- 6 || total
---------------------------+-------+-------++-------
  Melee: Club              |    16 |    36 ||    52
         Bite              |     2 |     3 ||     5
   Cast: Shock             |    96 |    87 ||   183
    Use: Potion            |     1 |     4 ||     5
 Armour: Leather armour    |     7 |    22 ||    29
  Dodge: Dodged            |    20 |    43 ||    63

Table legend: (Time is in decaauts)
 A = Elapsed time spent in this place.
 B = Non-inter-level travel time spent in this place.
 C = Inter-level travel time spent in this place.
 D = Time resting spent in this place.
 E = Time spent auto-exploring this place.
 F = Levels seen in this place.
 G = Mean time per level.
                   A        B        C        D        E       F      G
               +--------+--------+--------+--------+--------+-----+--------+
         Total |   3737 |   3652 |     85 |     81 |   3029 |   3 | 1245.7 |
       Dungeon |   3737 |   3652 |     85 |     81 |   3029 |   3 | 1245.7 |
               +--------+--------+--------+--------+--------+-----+--------+

Top non-repeatable levels by time:
     D:2: 1614 daAuts
     D:1: 1264 daAuts
     D:3: 858 daAuts
